Map: New Gettysburg LE

Players

MogarFNSMASH

  • Race: Terran Terran
  • League: Platinum

Tenonee

  • Race: Terran Terran
  • League: Diamond

Envexeran

  • Race: Protoss Protoss
  • League: Diamond

Khronus

  • Race: Protoss Protoss

VOD

Have the link to the VOD?

Description

Time

  • Played on: July 27, 2016, 4:33 a.m.
  • Length: 14:35
Show
View Real Time Build Order
Export as new Build Order

MogarFNSMASH Terran 

Build Orders: Reaper Expand, MMM Bio 

Get SALT Encoding   

  12  0:00  SCV  
  13  0:12  SCV  
  14  0:19  Supply Depot  
  14  0:25  SCV  
  15  0:40  SCV  
  15  0:41  Barracks  
  16  0:47  Refinery  
  16  0:52  SCV  
  17  1:04  SCV  
  18  1:16  SCV  
  19  1:29  Reaper, Orbital Command  
  20  1:55  Command Center  
  20  1:58  SCV  
  21  2:05  Barracks Reactor  
  21  2:06  Supply Depot  
  21  2:10  SCV  
  21  2:11  Refinery  
  22  2:22  SCV  
  23  2:23  Factory  
  23  2:34  SCV  
  24  2:42  Marine x2  
  26  2:46  SCV  
  27  2:58  SCV  
  27  3:00  Marine x2  
  30  3:08  Widow Mine  
  30  3:09  Starport  
  30  3:12  Supply Depot  
  32  3:15  SCV  
  32  3:17  Marine, Orbital Command  
  35  3:24  Bunker  
  35  3:26  Marine  
  35  3:27  SCV  
  36  3:38  Widow Mine  
  38  3:50  SCV  
  42  4:02  Marine x2  
  43  4:11  Medivac  
  43  4:13  SCV x2  
  44  4:20  Marine x2  
  46  4:25  SCV x2  
  46  4:27  Engineering Bay x2  
  48  4:31  Barracks  
  48  4:37  SCV x2  
  50  4:54  Marine x2  
  50  4:55  Terran Infantry Weapons Level 1  
  50  4:56  Terran Infantry Armor Level 1  
  50  4:59  Missile Turret  
  52  5:01  Missile Turret  
  52  5:03  Factory Tech Lab  
  52  5:08  Barracks  
  52  5:11  Marine  
  52  5:12  Marine  
  44  5:29  Marine x2  
  44  5:33  SCV x2  
  48  5:45  SCV  
  48  5:47  Barracks Tech Lab  
  48  5:49  Barracks  
  48  5:50  Starport Reactor  
  48  5:54  Marine x2  
  48  5:55  Siege Tank, SCV  
  54  5:58  Refinery  
  54  6:00  Refinery  
  54  6:01  Supply Depot  
  54  6:05  Stimpack, SCV  
  54  6:07  SCV  
  55  6:12  Marine x2  
  55  6:16  Marauder  
  59  6:20  Supply Depot x2  
  59  6:26  Medivac x2  
  59  6:32  Marine x2  
  65  6:33  SCV x2  
  67  6:40  Marauder  
  69  6:48  Siege Tank  
  69  6:52  Marine x2  
  74  6:55  Liberator  
  74  7:05  Marauder  
  74  7:06  SCV x2  
  78  7:10  Supply Depot  
  78  7:14  Supply Depot, Marine  
  82  7:15  Marine  
  82  7:26  Marine  
  82  7:27  Siege Tank  
  86  7:32  Marine  
  87  7:38  Marine  
  87  7:39  Marine  
  87  7:46  Marauder  
  89  7:52  Supply Depot x2  
  89  7:58  Marine x3  
  89  7:59  Siege Tank  
  95  8:06  Combat Shields  
  95  8:11  Marine  
  96  8:12  Marauder  
  94  8:21  Medivac x2  
  94  8:24  Marine x3  
  101  8:33  Marine x2  
  103  8:42  Supply Depot, Marine x2  
  103  8:43  Supply Depot  
  102  9:45  Marine x5  
  107  10:02  Medivac x2  
  107  10:03  Marine x3  
  107  10:04  Siege Tank  
  117  10:09  Armory  
  117  10:12  Marine  
  118  10:21  Command Center  
  116  10:29  Armory  
  116  10:32  Medivac x2  
  116  10:34  Marine x2  
  116  10:35  Barracks Tech Lab, Barracks Reactor  
  119  10:51  SCV x2  
  119  10:56  Barracks  
  121  11:02  Medivac x2  
  121  11:03  SCV  
  121  11:04  SCV  
  107  11:26  Marine  
  107  11:27  Marine x5  
  94  11:44  Marine x2  
  94  11:45  Marine x2  
  96  11:47  Marine  
  96  11:48  Marine  
  93  12:03  Marine x4  
  93  12:05  Marine x2  
  94  12:18  Medivac x2  
  94  12:21  Marine x4  
  102  12:23  Barracks Reactor, Marine x2  
  102  12:25  Barracks  
  102  12:27  Planetary Fortress  
  102  12:29  Missile Turret  
  100  12:31  SCV  
  100  12:32  SCV  
  100  12:33  Barracks  
  98  12:38  Marine  
  98  12:39  Marine x3  
  98  12:41  Marine, Marauder  
  98  12:43  SCV  
  104  12:49  Liberator x2  
  101  12:51  Missile Turret  
  101  12:56  Marine  
  101  12:57  Marine x2  
  104  12:59  Marauder  
  104  13:05  Marine x3  
  106  13:06  Starport, Marine  
  106  13:09  Concussive Shells  
  116  13:17  Barracks Tech Lab, Marine x3  
  119  13:29  Marine  
  119  13:30  Marine x3  
  119  13:31  Marauder  
  121  13:55  Barracks Reactor  
  121  13:56  Marine x3  
  121  13:57  Marine, Marauder  
  121  13:58  Marauder  
Show
View Real Time Build Order
Export as new Build Order

Tenonee Terran 

Build Orders:  

Get SALT Encoding   

  12  0:01  Probe (Chrono Boost)  
  13  0:12  Probe (Chrono Boost)  
  14  0:19  Pylon  
  14  0:23  Probe (Chrono Boost)  
  15  0:33  Assimilator  
  15  0:37  Probe (Chrono Boost)  
  16  0:44  Gateway  
  16  0:47  Probe (Chrono Boost)  
  17  0:58  Probe (Chrono Boost)  
  18  1:09  Probe (Chrono Boost)  
  19  1:13  Pylon  
  19  1:20  Probe (Chrono Boost)  
  20  1:29  Pylon  
  20  1:30  Probe (Chrono Boost)  
  20  1:31  Zealot  
  23  1:41  Probe (Chrono Boost)  
  23  1:46  Cybernetics Core  
  24  1:59  Zealot  
  25  2:10  Probe (Chrono Boost)  
  25  2:11  Assimilator  
  27  2:25  Mothership Core (Chrono Boost)  
  27  2:26  Adept  
  30  2:46  Stargate  
  30  2:59  Warp Gate  
  30  3:01  Probe (Chrono Boost)  
  31  3:06  Nexus  
  31  3:12  Probe (Chrono Boost)  
  32  3:22  Probe (Chrono Boost)  
  32  3:26  Pylon  
  33  3:32  Oracle  
  33  3:33  Probe (Chrono Boost)  
  37  3:43  Probe (Chrono Boost)  
  38  3:53  Stalker  
  38  3:54  Probe (Chrono Boost)  
  41  4:04  Oracle  
  41  4:06  Probe (Chrono Boost)  
  44  4:18  Probe (Chrono Boost)  
  44  4:20  Probe (Chrono Boost)  
  45  4:30  Probe x2 (Chrono Boost), Assimilator  
  47  4:32  Assimilator  
  47  4:33  Gateway  
  47  4:35  Oracle  
  47  4:41  Probe (Chrono Boost)  
  47  4:42  Probe (Chrono Boost)  
  52  4:50  Pylon  
  52  4:51  Probe (Chrono Boost)  
  53  4:54  Probe (Chrono Boost)  
  54  5:02  Probe (Chrono Boost)  
  54  5:06  Probe (Chrono Boost)  
  56  5:10  Forge  
  56  5:12  Probe (Chrono Boost)  
  57  5:18  Probe (Chrono Boost)  
  55  5:25  Probe (Chrono Boost)  
  56  5:30  Protoss Ground Weapons Level 1  
  56  5:31  Sentry  
  58  5:38  Probe (Chrono Boost)  
  58  5:39  Probe (Chrono Boost), Stalker  
  62  5:48  Gateway  
  62  5:51  Gateway  
  62  5:55  Pylon  
  62  5:57  Pylon  
  62  6:08  Pylon  
  62  6:13  Probe (Chrono Boost), Pylon  
  62  6:15  Probe (Chrono Boost)  
  64  6:23  Stalker x2  
  64  6:24  Probe (Chrono Boost)  
  64  6:25  Forge  
  70  6:27  Probe (Chrono Boost), Twilight Council  
  70  6:32  Twilight Council  
  70  6:34  Probe (Chrono Boost)  
  70  6:39  Probe (Chrono Boost)  
  72  6:52  Robotics Facility  
  72  6:59  Protoss Ground Armor Level 1  
  72  7:01  Adept x4  
  75  7:06  Charge  
  75  7:08  Gateway  
  79  7:10  Gateway  
  79  7:11  Probe (Chrono Boost)  
  79  7:15  Probe (Chrono Boost)  
  80  7:23  Probe (Chrono Boost)  
  80  7:30  Protoss Ground Weapons Level 2  
  80  7:36  Probe (Chrono Boost)  
  81  7:42  Probe (Chrono Boost)  
  82  7:48  Probe (Chrono Boost)  
  82  7:50  Pylon  
  83  7:52  Sentry  
  83  7:54  Probe (Chrono Boost)  
  86  7:59  Pylon x2  
  86  8:00  Pylon  
  86  8:06  Observer  
  86  8:10  Probe x2 (Chrono Boost)  
  88  8:17  Sentry x4  
  88  8:19  Adept x2  
  100  8:28  Immortal  
  100  8:29  Nexus  
  104  8:36  Pylon  
  104  8:37  Nexus  
  104  8:40  Adept  
  104  8:41  Adept x4  
  112  8:45  Protoss Ground Armor Level 2  
  114  8:54  Dark Shrine  
  114  8:58  Probe (Chrono Boost)  
  115  9:05  Pylon  
  115  9:07  Immortal  
  115  9:08  Probe (Chrono Boost)  
  120  9:17  Stalker x3  
  125  9:25  Probe (Chrono Boost)  
  125  9:29  Photon Cannon  
  117  9:31  Photon Cannon  
  117  9:51  Robotics Bay  
  115  9:53  Protoss Ground Weapons Level 3  
  113  10:13  Stalker  
  113  10:14  Stalker x5  
  122  10:42  Disruptor  
  125  10:43  Robotics Facility  
  125  10:50  Dark Templar  
  125  10:51  Dark Templar, Stalker x3  
  135  10:58  Pylon  
  135  11:00  Pylon  
  135  11:01  Pylon  
  113  11:18  Dark Templar  
  113  11:19  Dark Templar  
  91  11:39  Stalker x4  
  90  11:46  Disruptor  
  81  12:04  Zealot x5  
  81  12:05  Zealot  
  77  12:25  Dark Templar x2  
  77  12:26  Dark Templar  
  68  12:45  Disruptor  
  68  12:48  Stalker  
  68  12:49  Stalker  
  74  13:08  Assimilator  
  74  13:14  Assimilator  
  74  13:23  Nexus  
  74  13:24  Pylon  
  68  13:44  Disruptor  
  71  13:51  Warp Prism  
  73  13:58  Assimilator  
Show
View Real Time Build Order
Export as new Build Order

Envexeran Protoss 

Build Orders:  

Get SALT Encoding   

Show
View Real Time Build Order
Export as new Build Order

Khronus Protoss 

Build Orders:  

Get SALT Encoding   

Tags
 
Add a new tag
Caveats
  • Supply blocks, unpowered buildings, or Contaminate may cause inaccurate times.
  • Supply counts are checked every 10 seconds.